 Dungeon Crawl Stone Soup version 0.15.0-31-geb66e34 (webtiles) character file.

17605 Rhoefr the Covert (level 12, -3/69 HPs)
             Began as a Tengu Assassin on Sept 13, 2014.
             Was a Priest of Dithmenos.
             Slain by a ten-headed hydra (4 damage)
             ... on Level 2 of the Lair of Beasts.
             The game lasted 02:19:49 (18602 turns).

Rhoefr the Covert (Tengu Assassin)                 Turns: 18602, Time: 02:19:50

HP  -3/69        AC  5     Str  9      XL: 12   Next: 49%
MP   0/16        EV 26     Int 11      God: Dithmenos [***...]
Gold 316         SH  8     Dex 20      Spells:  2 memorised,  9 levels left

rFire  . . .     SeeInvis .     N - +2 dagger (venom)
rCold  . . .     Clarity  .     c - +0 robe
rNeg   . . .     rCorr    .     z - +2 buckler of Ugiuwk {Str-2 Int-2}
rPois  .         rRot     .     (helmet restricted)
rElec  .         Spirit   +     m - +1 cloak
SustAb +         Warding  .     F - +0 pair of gloves
rMut   .         Stasis   .     (boots unavailable)
Gourm  .                        d - amulet of guardian spirit
MR     .....                    r - ring of sustain abilities
                                n - ring of regeneration

@: flying quickly and evasively, very slightly contaminated, wreathed by umbra,
studying Stealth, quick, not resistant to hostile enchantments, extraordinarily
stealthy
A: able to fly, beak, talons 3
a: Shadow Step, Renounce Religion


You were on level 2 of the Lair of Beasts.
You worshipped Dithmenos.
Dithmenos was most pleased with you.
You were hungry.

You visited 3 branches of the dungeon, and saw 14 of its levels.
You also visited: Ossuary.

You collected 890 gold pieces.
You spent 574 gold pieces at shops.

Inventory:

Hand weapons
 a - a +3 short sword of venom
 b - a +4 blowgun
 M - a +1 cutlass of holy wrath
 N - a +2 dagger of venom (weapon)
Missiles
 q - 11 tomahawks (quivered)
 C - 34 poisoned needles
Armour
 c - a +0 robe (worn)
 e - a troll hide
 m - a +1 cloak (worn)
 z - the +2 buckler of Ugiuwk (worn) {Str-2 Int-2}
   (You found it on level 6 of the Dungeon)

   It affects your strength (-2).
   It affects your intelligence (-2).
 F - a +0 pair of gloves (worn)
Magical devices
 j - a wand of confusion (13)
 x - a wand of disintegration (14)
 A - a wand of lightning (7)
 H - a wand of confusion (12)
 P - a wand of invisibility (1)
Comestibles
 f - 4 fruits
 g - 10 bread rations
Scrolls
 i - 9 scrolls of teleportation
 l - 5 scrolls of identify
 t - a scroll of fog
 B - 3 scrolls of recharging
 G - a scroll of blinking
 I - 2 scrolls of amnesia
 J - a scroll of fear
 L - a scroll of remove curse
Jewellery
 d - an amulet of guardian spirit (around neck)
 n - a ring of regeneration (left hand)
 r - a ring of sustain abilities (right hand)
 y - a +4 ring of intelligence
Potions
 o - 3 potions of cure mutation
 p - 2 potions of brilliance
 s - 4 potions of cancellation
 u - 2 potions of agility
 v - a potion of flight
 w - 3 potions of curing
Books
 h - a book of Geomancy

   Spells                             Type                      Level
   Sandblast                          Earth                        1
   Stoneskin                          Transmutation/Earth          2
   Passwall                           Transmutation/Earth          3
   Stone Arrow                        Conjuration/Earth            3
   Petrify                            Transmutation/Earth          4
   Lee's Rapid Deconstruction         Earth                        5
 D - a book of Cantrips

   Spells                             Type                      Level
   Corona                             Hexes                        1
   *Animate Skeleton                  Necromancy                   1
   Summon Small Mammal                Summoning                    1
   *Apportation                       Translocation                1
 E - a book of Envenomations

   Spells                             Type                      Level
   Spider Form                        Transmutation/Poison         3
   Alistair's Intoxication            Transmutation/Poison         4
   Olgreb's Toxic Radiance            Poison                       4
   Poisonous Cloud                    Conjuration/Poison/Air       6
 K - a manual of Stealth


   Skills:
 - Level 5.9 Fighting
 - Level 11.0 Short Blades
 - Level 8.9 Throwing
 - Level 11.1 Dodging
 + Level 13.1 Stealth
 - Level 5.0 Shields


You had 9 spell levels left.
You knew the following spells:

 Your Spells              Type           Power        Failure   Level  Hunger
a - Apportation           Tloc           #.........   34%         1    ##.....
b - Animate Skeleton      Necr           N/A          34%         1    ##.....


Dungeon Overview and Level Annotations

Branches:
Dungeon (11/15)            Temple (1/1) D:4             Orc (0/4) D:9
   Lair (2/8) D:10

Altars:
Ashenzari
Cheibriados
Dithmenos
Elyvilon
Fedhas
Kikubaaqudgha
Makhleb
Nemelex Xobeh
Okawaru
Qazlal
Sif Muna
Trog
Vehumet
Xom
Yredelemnul
Zin
The Shining One

Shops:
D:5 *   D:6 =

Annotations:
D:5 TZer0's ghost, experienced OgEn
D:11 Nessos


Innate Abilities, Weirdness & Mutations

You can fly.
You have a beak for a mouth.
You have claws for feet.


Message History

The ten-headed hydra completely misses you.
You block the ten-headed hydra's attack.
The ten-headed hydra misses you. The ten-headed hydra bites you!
The ten-headed hydra barely misses you.
The ten-headed hydra closely misses you.
The ten-headed hydra bites you. The ten-headed hydra misses you.
You block the ten-headed hydra's attack.
The ten-headed hydra bites you!
* * * LOW HITPOINT WARNING * * *
The ten-headed hydra misses you.
The ten-headed hydra completely misses you.
The ten-headed hydra closely misses you.
The ten-headed hydra bites you.
* * * LOW HITPOINT WARNING * * *
The ten-headed hydra bites you but does no damage.
The ten-headed hydra bites you!
* * * LOW HITPOINT WARNING * * *
The ten-headed hydra bites you.
You die...

.................P#
.................##
.................###
##...............#.#
#.......#P..PP#...#
##............#...#
#............#..##
##......#........#
P.......+.....P.@##
.>............#D..#
#P............#..##
#..........P.....#
.P...............#
.................#
...###.####......#
#### ### ###...##
#####


You could see a ten-headed hydra.

Vanquished Creatures
  Josephine (D:10)
  A hydra (Lair:1)
  An unseen horror (D:11)
  A hill giant (D:10)
  A spiny frog (Lair:1)
  A black mamba (Lair:1)
  A gargoyle (D:10)
  A komodo dragon (Lair:1)
  A polar bear (Lair:2)
  A troll (D:9)
  Prince Ribbit (D:6)
  A two-headed ogre (D:10)
  2 basilisks
  A centaur simulacrum (D:10)
  2 spriggans
  A wyvern (D:11)
  30 yaks
  4 hippogriffs
  A deep elf mage (D:11)
  A hill giant skeleton (D:10)
  2 wolves (Lair:2)
  Menkaure (D:6)
  3 sky beasts
  2 ice beasts
  6 ogres
  5 orc warriors
  3 porcupines
  4 black bears
  A phantom (D:9)
  A manticore zombie (D:11)
  A yellow wasp (D:11)
  2 centaurs
  A necrophage (D:10)
  3 crocodiles
  6 big kobolds
  2 elf zombies (Ossuary)
  11 giant frogs
  6 scorpions
  A troll zombie (D:8)
  4 killer bees (D:7)
  2 centaur zombies (Ossuary)
  2 crimson imps
  A goliath beetle (D:8)
  5 orc priests
  A jelly (D:11)
  4 iguanas
  A giant frog skeleton (D:10)
  9 hounds
  Natasha (thrice) (D:6)
  11 orc wizards
  A centaur skeleton (D:6)
  12 worker ants
  A hippogriff simulacrum (D:10)
  A big kobold zombie (Ossuary)
  9 sheep
  4 hound zombies
  3 mummies (Ossuary)
  11 gnolls
  8 green rats (Lair:2)
  A scorpion zombie (D:10)
  10 adders
  A giant mite (D:6)
  A goliath beetle zombie (D:7)
  3 shadow imps
  3 worms
  3 adder zombies (Ossuary)
  2 adder skeletons
  9 giant geckos
  3 oozes
  40 orcs
  A bat skeleton (D:4)
  8 giant cockroaches
  19 goblins
  13 hobgoblins
  7 jackals
  9 quokkas
  2 ball pythons
  19 bats
  3 giant newts
  A giant newt zombie (D:5)
  2 gnoll zombies (Ossuary)
  3 goblin zombies (Ossuary)
  A hobgoblin skeleton (D:4)
  3 hobgoblin zombies (Ossuary)
  3 jackal zombies (Ossuary)
  39 kobolds
  A kobold skeleton (D:4)
  A kobold zombie (Ossuary)
  An orc zombie (Ossuary)
  A quokka skeleton (D:5)
  3 quokka zombies (Ossuary)
  15 rats
  A rat skeleton (D:6)
  8 rat zombies
  A plant (D:10)
449 creatures vanquished.

Vanquished Creatures (others)
  2 fungi (Lair:2)
  A plant (Lair:2)
3 creatures vanquished.

Grand Total: 452 creatures vanquished

Notes
Turn   | Place    | Note
--------------------------------------------------------------
     0 | D:1      | Rhoefr, the Tengu Assassin, began the quest for the Orb.
     0 | D:1      | Reached XP level 1. HP: 12/12 MP: 1/1
   238 | D:1      | Reached XP level 2. HP: 17/17 MP: 3/3
   771 | D:1      | Reached XP level 3. HP: 21/21 MP: 4/4
  1384 | D:2      | Found a stormy altar of Qazlal.
  1428 | D:2      | Found a basalt altar of Yredelemnul.
  1469 | D:2      | Reached XP level 4. HP: 26/26 MP: 5/5
  2098 | D:2      | Found a glowing golden altar of the Shining One.
  2479 | D:3      | Reached XP level 5. HP: 26/30 MP: 7/7
  2854 | D:3      | Found a burning altar of Makhleb.
  3553 | D:3      | Reached XP level 6. HP: 35/35 MP: 8/8
  4012 | D:4      | Found a staircase to the Ecumenical Temple.
  4025 | Temple   | Entered the Ecumenical Temple
  4158 | D:4      | Reached skill level 5 in Short Blades
  4158 | D:4      | Reached skill level 5 in Stealth
  4590 | D:4      | Reached skill level 5 in Dodging
  4622 | D:4      | Reached XP level 7. HP: 40/40 MP: 9/9
  5205 | D:5      | Entered Level 5 of the Dungeon
  5275 | D:5      | Found Shacwogeb's Assorted Antiques.
  5281 | D:5      | Bought a blackened ruby ring for 140 gold pieces
  5281 | D:5      | Bought a potion of curing for 56 gold pieces
  5516 | D:5      | Noticed TZer0's ghost (experienced OgEn)
  6034 | D:5      | Found a bloodstained altar of Trog.
  6064 | D:5      | Found an iron altar of Okawaru.
  6166 | D:6      | Noticed Menkaure
  6184 | D:6      | Killed Menkaure
  6184 | D:6      | Reached skill level 6 in Short Blades
  6184 | D:6      | Reached XP level 8. HP: 26/44 MP: 11/11
  6417 | D:6      | Found a bloodstained altar of Trog.
  6665 | D:6      | Found a sand-covered staircase.
  6682 | Ossuary  | Entered an ossuary
  7307 | D:6      | Noticed Natasha
  7313 | D:6      | Killed Natasha
  7326 | D:6      | Reached skill level 7 in Dodging
  7334 | D:6      | Got a fine buckler
  7344 | D:6      | Identified the +2 buckler of Ugiuwk {Str-2 Int-2} (You found it on level 6 of the Dungeon)
  7468 | D:6      | Reached XP level 9. HP: 41/49 MP: 12/12
  7575 | D:6      | Noticed Natasha
  7585 | D:6      | Killed Natasha
  7597 | D:6      | Found Anyriy's Jewellery Boutique.
  7618 | D:6      | Noticed Prince Ribbit
  7621 | D:6      | Killed Prince Ribbit
  7621 | D:6      | Reached skill level 1 in Shields
  7762 | D:6      | Reached skill level 5 in Throwing
  7777 | D:6      | Noticed Natasha
  7781 | D:6      | Killed Natasha
  9217 | D:8      | Reached skill level 8 in Dodging
  9447 | D:8      | Reached XP level 10. HP: 38/56 MP: 13/13
 11394 | D:9      | Reached skill level 9 in Dodging
 11588 | D:9      | Found a staircase to the Orcish Mines.
 11801 | D:9      | Reached XP level 11. HP: 43/62 MP: 15/15
 11909 | D:9      | Found a shadowy altar of Dithmenos.
 11983 | D:9      | Became a worshipper of Dithmenos the Shadowed
 12090 | D:10     | Entered Level 10 of the Dungeon
 12317 | D:10     | Noticed Josephine
 12510 | D:6      | Bought a cursed amulet of guardian spirit for 378 gold pieces
 12887 | D:10     | Noticed a hill giant
 12941 | D:10     | Killed a hill giant
 13428 | D:10     | Killed Josephine
 13664 | D:10     | Found a staircase to the Lair.
 13683 | D:10     | Reached skill level 10 in Stealth
 14762 | D:11     | Reached skill level 5 in Shields
 14816 | D:11     | Reached skill level 10 in Short Blades
 14880 | D:11     | Learned a level 1 spell: Apportation
 14882 | D:11     | Learned a level 1 spell: Animate Skeleton
 14938 | D:11     | Killed an unseen horror
 14938 | D:11     | Reached skill level 5 in Fighting
 15012 | D:11     | Reached skill level 10 in Dodging
 15317 | D:11     | Noticed Nessos
 15597 | D:9      | Found a shadowy altar of Dithmenos.
 15684 | D:9      | Found a staircase to the Orcish Mines.
 16384 | Lair:1   | Entered Level 1 of the Lair of Beasts
 16643 | Lair:1   | Noticed a six-headed hydra
 16770 | Lair:1   | Reached skill level 11 in Stealth
 16822 | Lair:1   | Killed a nine-headed hydra
 16822 | Lair:1   | Acquired Dithmenos' first power
 16921 | Lair:1   | Reached XP level 12. HP: 47/68 MP: 8/16
 17776 | Lair:2   | Reached skill level 12 in Stealth
 17932 | Lair:2   | Noticed a six-headed hydra
 17985 | Lair:2   | HP: 1/69 [black mamba (11)]
 18002 | Lair:2   | Found a labyrinth entrance.
 18287 | Lair:2   | Acquired Dithmenos' second power
 18363 | Lair:2   | Reached skill level 13 in Stealth
 18602 | Lair:2   | HP: 1/69 [ten-headed hydra (10)]
 18602 | Lair:2   | Slain by a ten-headed hydra

Action                   |  1- 3 |  4- 6 |  7- 9 | 10-12 || total
-------------------------+-------+-------+-------+-------++-------
Melee: Dagger            |    76 |   183 |   395 |   690 ||  1344
       Blowgun           |       |       |     1 |     1 ||     2
       Short sword       |       |       |       |   225 ||   225
       Cutlass           |       |       |       |    14 ||    14
 Fire: Blowgun           |     6 |    30 |    99 |   124 ||   259
Throw: Tomahawk          |       |       |       |    72 ||    72
 Abil: Fly               |       |     3 |    22 |    55 ||    80
Evoke: Wand              |       |       |     2 |     2 ||     4
  Use: Scroll            |     4 |     3 |    18 |    11 ||    36
       Potion            |       |       |     2 |     6 ||     8
 Stab: Sleeping          |     1 |    12 |    29 |    35 ||    77
       Distracted        |       |     1 |     1 |     2 ||     4
       Invisible         |       |       |       |     2 ||     2
  Eat: Chunk             |     1 |     9 |     9 |    21 ||    40
       Royal jelly       |       |     1 |       |       ||     1
       Beef jerky        |       |       |     3 |     1 ||     4
       Pizza             |       |       |     1 |     2 ||     3
       Meat ration       |       |       |     1 |     2 ||     3
       Fruit             |       |       |       |     7 ||     7
